 Dungeon Crawl Stone Soup version 0.21.1-1-g345015f (webtiles) character file.

4122 Gadfly the Demolition Demonspawn (level 10, -3/79 HPs)
             Began as a Demonspawn Monk on July 17, 2018.
             Was an Elder of Makhleb.
             Slain by a killer bee (6 damage)
             ... on level 8 of the Dungeon.
             The game lasted 00:19:24 (8578 turns).

Gadfly the Demolition Demonspawn (Demonspawn Monk)  Turns: 8578, Time: 00:19:25

Health: -3/79      AC: 20    Str: 15    XL:     10   Next: 6%
Magic:  0/16       EV:  8    Int: 11    God:    Makhleb [****..]
Gold:   395        SH:  0    Dex: 18    Spells: 9/9 levels left

rFire    . . .     SeeInvis .   z - +0 war axe
rCold    . . .     Gourm    .   (no shield)
rNeg     . . .     Faith    .   a - +0 chain mail
rPois    .         Spirit   +   C - +0 helmet
rElec    .         Reflect  .   h - +1 cloak
rCorr    .         Harm     .   (no gloves)
MR       .....                  (boots unavailable)
Stlth    ..........             f - amulet of guardian spirit
HPRegen  0.23/turn              b - +5 ring of protection
MPRegen  0.15/turn              d - +2 ring of dexterity

@: no status effects
A: talons 3, icy blue scales 1, powered by pain 2
a: Minor Destruction, Lesser Servant of Makhleb, Major Destruction, Renounce
Religion


You were on level 8 of the Dungeon.
You worshipped Makhleb.
Makhleb was greatly pleased with you.
You were not hungry.

You visited 1 branch of the dungeon, and saw 9 of its levels.

You collected 483 gold pieces.
You spent 88 gold pieces at shops.

Inventory:

Hand Weapons
 z - a +0 war axe (weapon)
Armour
 a - a +0 chain mail (worn)
 h - a +1 cloak (worn)
 C - a +0 helmet (worn)
Jewellery
 b - a +5 ring of protection (left hand)
 d - a +2 ring of dexterity (right hand)
 e - an uncursed ring of magical power
 f - an amulet of guardian spirit (around neck)
 p - an uncursed ring of positive energy
Wands
 l - a wand of paralysis (26)
 q - a wand of acid (11)
 B - a wand of polymorph (15)
Scrolls
 g - 6 scrolls of teleportation
 i - 2 scrolls of enchant weapon
 j - 3 scrolls of remove curse
 n - 10 scrolls of identify
 o - 2 scrolls of fog
 t - a scroll of fear
 y - a scroll of enchant armour
Potions
 k - a potion of heal wounds
 r - a potion of might
 s - 2 potions of agility
 u - a potion of flight
 w - a potion of haste
 A - a potion of lignification
Comestibles
 c - 16 rations
 m - 8 chunks of flesh


   Skills:
 + Level 7.0 Fighting
 + Level 6.4 Axes
 + Level 6.4 Armour
 - Level 2.6 Dodging
 - Level 1.7 Stealth
 + Level 8.4 Invocations
 * Level 6.0 Evocations


You had 9 spell levels left.
You didn't know any spells.

Dungeon Overview and Level Annotations

Branches:
Dungeon (9/15)             Temple (0/1) D:4
   Lair: D:8-11         Orc: D:9-12

Altars:
Ashenzari
Elyvilon
Fedhas
Gozag
Makhleb
Okawaru
Trog
Yredelemnul
Zin

Shops:
D:5 *

Annotations:
D:3 exclusion: oklob plant


Innate Abilities, Weirdness & Mutations

You have claws for feet.
You are partially covered in icy blue scales. (AC +2)
You sometimes gain power by taking damage.


Message History

You feel better. The killer bee barely misses you. The killer bee stings you!
* * * LOW HITPOINT WARNING * * *
You are poisoned.
The killer bee poisons you!
You feel better. The killer bee stings you!
* * * LOW HITPOINT WARNING * * *
The killer bee closely misses you. The killer bee stings you.
* * * LOW HITPOINT WARNING * * *
You hit the killer bee but do no damage.
Your kick misses the killer bee.
The killer bee is lightly wounded.
The killer bee stings you but does no damage. x3
The killer bee barely misses you.
You slash the killer bee! Your kick misses the killer bee.
The killer bee is moderately wounded.
The killer bee stings you.
* * * LOW HITPOINT WARNING * * *
The killer bee misses you. The killer bee barely misses you.
The killer bee stings you!
You die...

#.#### .....# ..##.#
####.###########
..##...........#
#.##..##.##.##.#
#.##..##.##.##.#
.........##.##.####
.####.#####....y@.#
..# #.#####.##.##.###
..# #.......#.......#
..# #######.#...#.#[#
..# #.....#.#.#...#.#
..###.....#.#.##..#.#
..........#.......#.#
#'###.....###.......#
.## #.....# ####.####


You could see a killer bee (berserk).

Vanquished Creatures
  A two-headed ogre (D:8)
  Grinder (D:4)
  Prince Ribbit (D:5)
  Sigmund (D:5)
  A human (D:7)
  A yak (D:7)
  3 hogs (D:7)
  Eustachio (D:6)
  4 ice beasts
  A necrophage (D:8)
  The ghost of peteyfrogboy the Covered, an amateur GrFi of Jiyva (D:3)
  4 bullfrogs
  A wyvern zombie (D:7)
  2 scorpions
  A killer bee (D:8)
  A howler monkey (D:4)
  A bullfrog zombie (D:7)
  A centaur zombie (D:7)
  2 crimson imps
  Crazy Yiuf (D:2)
  6 hounds
  4 orc priests
  5 orc wizards
  Jessica (D:2)
  3 iguanas
  Ijyb (D:4)
  3 worker ants
  12 adders
  A shadow imp (D:5)
  An ooze (D:3)
  An adder zombie (D:5)
  An adder skeleton (D:7)
  4 worms
  5 dart slugs
  A leopard gecko (D:7)
  22 orcs
  11 bats
  9 giant cockroaches
  5 goblins
  11 hobgoblins
  7 jackals
  6 quokkas
  2 ball pythons
  6 frilled lizards
  10 kobolds
  A leopard gecko zombie (D:6)
  12 rats
181 creatures vanquished.

Vanquished Creatures (collateral kills)
  The ghost of mistaj the Ruffian, an amateur TrMo (D:4)
  A wyvern skeleton (D:8)
  An orc wizard (D:8)
3 creatures vanquished.

Vanquished Creatures (others)
  An orc (D:7)
1 creature vanquished.

Grand Total: 185 creatures vanquished

Notes
Turn   | Place    | Note
-------+----------+-------------------------------------------
     0 | D:1      | Gadfly the Demonspawn Monk began the quest for the Orb.
     0 | D:1      | Reached XP level 1. HP: 18/18 MP: 1/1
    22 | D:1      | Reached skill level 1 in Armour
    22 | D:1      | Gained mutation: You sometimes gain a little power by taking damage. [demonic ancestry]
    22 | D:1      | Reached XP level 2. HP: 13/24 MP: 2/2
   498 | D:1      | Gained mutation: You have sharp toenails. [demonic ancestry]
   498 | D:1      | Reached XP level 3. HP: 23/29 MP: 3/3
   972 | D:2      | Noticed Jessica
   978 | D:2      | Killed Jessica
   978 | D:2      | Gained mutation: You have razor-sharp toenails. [demonic ancestry]
   978 | D:2      | Reached XP level 4. HP: 18/35 MP: 0/4
  1177 | D:2      | Found a faded altar of an unknown god.
  1201 | D:2      | Became a worshipper of Makhleb the Destroyer
  1201 | D:2      | Reached * piety under Makhleb
  1201 | D:2      | Reached ** piety under Makhleb
  1341 | D:2      | Found a runed door.
  1555 | D:2      | Noticed Crazy Yiuf
  1564 | D:2      | Killed Crazy Yiuf
  1917 | D:3      | Reached *** piety under Makhleb
  1917 | D:3      | Gained mutation: You sometimes gain power by taking damage. [demonic ancestry]
  1917 | D:3      | Reached XP level 5. HP: 42/42 MP: 5/5
  2080 | D:3      | Noticed peteyfrogboy's ghost (amateur GrFi)
  2542 | D:3      | Found a blossoming altar of Fedhas.
  2560 | D:3      | Noticed an oklob plant
  2707 | D:3      | Killed peteyfrogboy's ghost
  2707 | D:3      | Reached XP level 6. HP: 26/48 MP: 1/6
  3344 | D:4      | Noticed a moth of wrath
  3347 | D:4      | Found a bloodstained altar of Trog.
  3368 | D:4      | Reached skill level 1 in Invocations
  3703 | D:4      | Reached **** piety under Makhleb
  3740 | D:4      | Found a staircase to the Ecumenical Temple.
  3740 | D:4      | Noticed mistaj's ghost (amateur TrMo)
  3756 | D:4      | Killed mistaj's ghost
  3756 | D:4      | Reached skill level 2 in Invocations
  3809 | D:4      | Reached skill level 3 in Invocations
  3809 | D:4      | Gained mutation: You are partially covered in icy blue scales. (AC +2) [demonic ancestry]
  3809 | D:4      | Reached XP level 7. HP: 45/55 MP: 9/9
  4037 | D:4      | Noticed Ijyb
  4048 | D:4      | Paralysed by Ijyb for 3 turns
  4051 | D:4      | Killed Ijyb
  4162 | D:4      | Noticed Grinder
  4162 | D:4      | Paralysed by Grinder for 6 turns
  4182 | D:4      | Paralysed by Grinder for 7 turns
  4205 | D:4      | Killed Grinder
  4205 | D:4      | Reached skill level 5 in Fighting
  4205 | D:4      | Reached skill level 4 in Invocations
  4437 | D:5      | Entered Level 5 of the Dungeon
  4527 | D:5      | Noticed Prince Ribbit
  4536 | D:5      | Killed Prince Ribbit
  4536 | D:5      | Reached skill level 5 in Invocations
  4536 | D:5      | Gained mutation: You have claws for feet. [demonic ancestry]
  4536 | D:5      | Reached XP level 8. HP: 26/62 MP: 8/12
  4750 | D:5      | Found Iroetwih's General Store.
  4758 | D:5      | Bought a potion of might for 44 gold pieces
  4758 | D:5      | Bought a potion of agility for 44 gold pieces
  5000 | D:5      | Noticed Sigmund
  5015 | D:5      | Killed Sigmund
  5015 | D:5      | Reached skill level 5 in Axes
  5015 | D:5      | Reached skill level 5 in Armour
  5015 | D:5      | Reached skill level 6 in Invocations
  5519 | D:6      | Found a shattered altar of Ashenzari.
  5521 | D:6      | Noticed Eustachio
  5537 | D:6      | Reached skill level 1 in Evocations
  5619 | D:6      | Killed Eustachio
  5904 | D:6      | Found a basalt altar of Yredelemnul.
  6571 | D:7      | Found a white marble altar of Elyvilon.
  6677 | D:7      | Reached skill level 7 in Invocations
  6811 | D:7      | Reached XP level 9. HP: 43/69 MP: 13/14
  7298 | D:7      | Found a glowing silver altar of Zin.
  7320 | D:7      | Found an opulent altar of Gozag.
  7403 | D:7      | Found a burning altar of Makhleb.
  7485 | D:8      | Noticed a two-headed ogre
  7808 | D:8      | Killed a two-headed ogre
  7808 | D:8      | Reached skill level 8 in Invocations
  7808 | D:8      | Reached skill level 5 in Evocations
  7985 | D:8      | Found an iron altar of Okawaru.
  8142 | D:8      | Found a sand-covered staircase.
  8415 | D:8      | Reached XP level 10. HP: 79/79 MP: 16/16
  8578 | D:8      | HP: 3/79 [killer bee (2)]
  8578 | D:8      | Slain by a killer bee

Skill      XL: |  1  2  3  4  5  6  7  8  9 10 |
---------------+-------------------------------+-----
Armour         | 1 2 3 4 5 6 |  6.4
Axes           | 3 4 5 6 |  6.4
Fighting       | 4 5 6 7 |  7.0
Invocations    | 3 5 7 8 |  8.4
Evocations     | 3 5 6 |  6.0
Dodging        | |  2.6
Stealth        | |  1.7

Action                   |  1- 3 |  4- 6 |  7- 9 | 10-12 || total
-------------------------+-------+-------+-------+-------++-------
Melee: Hand axe          |    80 |   191 |   221 |       ||   492
       Kick              |     8 |    62 |   118 |    13 ||   201
       Long sword        |       |     4 |       |       ||     4
       War axe           |       |       |   182 |    30 ||   212
Invok: Lesser Servant of |       |     1 |     1 |     1 ||     3
       Minor Destruction |       |       |     6 |     5 ||    11
  Use: Scroll            |     2 |     7 |     1 |     1 ||    11
       Potion            |     1 |    10 |     6 |     2 ||    19
 Stab: Sleeping          |     3 |       |       |       ||     3
  Eat: Chunk             |       |     9 |    15 |     1 ||    25
Armor: Robe              |     9 |     8 |       |       ||    17
       Scale mail        |       |    99 |   299 |       ||   398
       Chain mail        |       |       |    15 |    42 ||    57
Dodge: Dodged            |    45 |   110 |   334 |    44 ||   533
